 Dungeon Crawl Stone Soup version 0.31-a0-810-ga77100ea1a (webtiles) character file.

Game seed: 11746880479819489461

5 IdlyInterested the Magician (level 1, -1/14 HPs)
             Began as a Demonspawn Hedge Wizard on Sept 21, 2023.
             Succumbed to a goblin's poison
             ... on level 1 of the Dungeon.
             The game lasted 00:01:52 (103 turns).

IdlyInterested the Magician (DsHW)                   Turns: 103, Time: 00:01:53

Health: -1/14      AC:  2    Str: 10    XL:     1   Next: 66%
Magic:  3/4        EV: 12    Int: 15    God:
Gold:   0          SH:  0    Dex: 12    Spells: 5/6 levels left

rFire   . . .        a - +0 dagger
rCold   . . .        (no shield)
rNeg    . . .        b - +0 robe
rPois   .            c - +0 hat
rElec   .            (no cloak)
rCorr   .            (no gloves)
SInv    .            (no boots)
Will    .....        (no amulet)
Stlth   ++           (no ring)
HPRegen 0.22/turn    (no ring)
MPRegen 0.09/turn

%: no passive effects
@: lethally poisoned (-1 -> -12), very slightly contaminated
A: no striking features
a: no special abilities


You were on level 1 of the Dungeon.
You visited 1 branch of the dungeon, and saw 1 of its levels.

Inventory:

Hand Weapons
 a - a +0 dagger (weapon)
Armour
 b - a +0 robe (worn)
 c - a +0 hat (worn)


   Skills:
 * Level 0.6 Fighting
 + Level 1.9 Dodging
 - Level 1.7 Stealth
 - Level 3.0 Spellcasting
 - Level 1.0 Conjurations
 * Level 0.4 Hexes
 - Level 1.0 Summonings
 - Level 1.0 Translocations


You had 5 spell levels left.
You knew the following spells:

 Your Spells              Type           Power      Damage    Failure   Level
a - Magic Dart            Conj           20%        1d4       13%         1

Your spell library contained the following spells:

 Spells                   Type           Power      Damage    Failure   Level
 Slow                     Hex            12%        N/A       17%         1
 Blink                    Tloc           10%        N/A       21%         2
 Call Imp                 Summ           10%        N/A       21%         2
 Cigotuvi's Dreadful Rot  Necr/Pois/Air  4%         N/A       30%         2
 Mephitic Cloud           Conj/Pois/Air  3%         N/A       45%         3


Dungeon Overview and Level Annotations

Branches:
Dungeon (1/15)

Altars:


Message History

Aim: a ball python (100% to hit)
The magic dart hits the ball python.
The ball python is severely wounded.
The ball python bites you. The ball python closely misses you.
You hit the ball python.
You kill the ball python!
You start resting.
A goblin is nearby!
Aiming: Magic Dart (safe; 13% risk of failure)
Press: ? - help, Q - select action Shift-Dir - straight line, f - goblin
Aim: a goblin, wielding a +1 dagger of venom (100% to hit)
You miscast Magic Dart.
You are very lightly contaminated with residual magic.
Nothing appears to happen.
Aiming: Magic Dart (safe; 13% risk of failure)
Press: ? - help, Q - select action Shift-Dir - straight line, f/p - goblin
Aim: a goblin, wielding a +1 dagger of venom (100% to hit)
You miscast Magic Dart.
Nothing appears to happen.
The goblin hits you with a +1 dagger of venom.
You are poisoned.
You hit the goblin but do no damage.
You feel very sick.
The goblin hits you with a +1 dagger of venom.
Aiming: Magic Dart (safe; 13% risk of failure)
Press: ? - help, Q - select action Shift-Dir - straight line, f/p - goblin
Aim: a goblin, wielding a +1 dagger of venom (100% to hit)
The magic dart hits the goblin.
The goblin is moderately wounded.
You feel sick. The goblin hits you but does no damage.
You are more poisoned.
Magic courses through your body.
* * * LOW HITPOINT WARNING * * *
You feel very sick. The goblin closely misses you.
Aiming: Magic Dart (safe; 13% risk of failure)
Press: ? - help, Q - select action Shift-Dir - straight line, f/p - goblin
Aim: a goblin, wielding a +1 dagger of venom (moderately wounded, 100% to hit)
The magic dart hits the goblin.
You kill the goblin!
You die...

... #.#
##.######.#
##.........#
..........
#.........
#......... #@# .#
####)###.#
####......S.##.#
.............g....
..#####.#####.##^.
#...#.#...#.#
#.<.#.'...#.# .
#...#.#...#.#
....##'##.#####.#


There were no monsters in sight!

Vanquished Creatures
  A ball python (D:1)
  A bat (D:1)
  An endoplasm (D:1)
  2 goblins (D:1)
5 creatures vanquished.

Notes
Turn   | Place    | Note
-------+----------+-------------------------------------------
     0 | D:1      | IdlyInterested the Demonspawn Hedge Wizard began the quest
                  | for the Orb.
     0 | D:1      | Reached XP level 1. HP: 13/13 MP: 4/4
    20 | D:1      | Reached skill level 1 in Translocations
   103 | D:1      | Succumbed to a goblin's poison

Illustrated notes

Levels and vault maps discovered:
D:1:      minmay_arrival_four_houses, layout_basic,
          ebering_ecumenical_altar_sacrificial

Skill      XL: |  1 |
---------------+----+-----
Translocations | 1 |  1.0
Fighting       | |  0.6
Dodging        | |  1.9
Stealth        | |  1.7
Spellcasting   | |  3.0
Conjurations   | |  1.0
Hexes          | |  0.4
Summonings     | |  1.0

Action                     || total
---------------------------++-------
  Melee: Dagger            ||    12
   Cast: Magic Dart        ||     7
    Use: Potion            ||     1
 Armour: Robe              ||    10
  Dodge: Dodged            ||    16

Table legend: (Time is in decaauts)
 A = Elapsed time spent in this place.
 B = Non-inter-level travel time spent in this place.
 C = Inter-level travel time spent in this place.
 D = Time resting spent in this place.
 E = Time spent auto-exploring this place.
 F = Levels seen in this place.
 G = Mean time per level.
                   A        B        C        D        E       F      G
               +--------+--------+--------+--------+--------+-----+--------+
         Total |    103 |    103 |      0 |     33 |     14 |   1 |  103.0 |
       Dungeon |    103 |    103 |      0 |     33 |     14 |   1 |  103.0 |
               +--------+--------+--------+--------+--------+-----+--------+

Top non-repeatable levels by time:
     D:1: 103 daAuts
